 Dungeon Crawl Stone Soup version 0.30-a0-859-gf88a04b62d (webtiles) character file.

Game seed: 1762577739459726100

65797 Jannitor the Nimble (level 15, -4/110 HPs)
             Began as a Djinni Chaos Knight on Mar 1, 2023.
             Was a Plaything of Xom.
             Slain by a two-headed ogre
             ... wielding a +0 giant club
              (23 damage)
             ... on level 12 of the Dungeon on Mar 6, 2023.
             The game lasted 01:03:05 (25425 turns).

Jannitor the Nimble (Djinni Chaos Knight)          Turns: 25425, Time: 01:03:05

Health: -4/110     AC:  7    Str: 15      XL:     15   Next: 59%
Gold:   3274       EV: 15    Int: 31 (32) God:    Xom [.*....] SH: 11 Dex: 10

rFire   + + +      SeeInvis +    H - +1 rapier (venom)
rCold   + . .      Faith    .    M - +1 buckler {AC+3}
rNeg    . . .      Spirit   .    P - +2 leather armour {rC+ rF+}
rPois   ∞          Reflect  +    (no helmet)
rElec   +          Rampage  .    V - scarf {rC+ rF+}
rCorr   .          Clarity  +    (no gloves)
Will    +....                    (boots unavailable)
Stlth   ++++                     e - amulet of reflection
HPRegen 1.18/turn                r - ring of see invisible
MPRegen 0.00/turn                t - +6 ring of intelligence

@: flying, unable to drink
A: sickness immunity, fire resistance 2, cold vulnerability 1, float, innate
caster, HP casting, extra vitality 1, claws 1, clarity, clever 2, deformed body,
regeneration 1, electricity resistance, strong 1, evolution 1, inability to
drink after injury 1, noise suppression
a: Renounce Religion


You were on level 12 of the Dungeon.
You worshipped Xom.
You were a plaything of Xom.
You visited 3 branches of the dungeon, and saw 19 of its levels.
You also visited: Ice Cave.

You collected 4293 gold pieces.
You spent 1019 gold pieces at shops.

Inventory:

Hand Weapons
 o - the +4 short sword "Tetexkic" {flame, rElec Str+8 Stlth-}
   (You bought it in a shop on level 2 of the Orcish Mines)

   Str:       It affects your strength (+8).
   rElec:     It insulates you from electricity.
   Stlth:     It makes you less stealthy.
 F - a +4 dagger of venom
 H - a +1 rapier of venom (weapon)
Missiles
 a - a curare-tipped dart
 U - 5 throwing nets
Armour
 m - an orb of wrath
 x - a +2 cloak of preservation
 I - a +2 ring mail of cold resistance
 K - an orb of guile
 M - a +1 buckler of protection (worn)
 P - a +2 leather armour of resistance (worn)
 V - a scarf of resistance (worn)
Jewellery
 e - an amulet of reflection (around neck)
 r - a ring of see invisible (left claw)
 t - a +6 ring of intelligence (right claw)
 v - a ring of willpower
 A - a ring of willpower
 S - a +6 ring of dexterity
Wands
 d - a wand of paralysis (9)
 p - a wand of flame (35)
 s - a wand of roots (19)
 G - a wand of polymorph (14)
 L - a wand of mindburst (8)
 R - a wand of quicksilver (9)
Scrolls
 b - 2 scrolls of poison
 g - 2 scrolls of enchant armour
 k - 2 scrolls of immolation
 l - 6 scrolls of magic mapping
 n - 5 scrolls of vulnerability
 q - 2 scrolls of enchant weapon
 u - 2 scrolls of blinking
 y - 3 scrolls of fog
 z - a scroll of torment
 N - a scroll of fear
 X - 2 scrolls of teleportation
 Y - 4 scrolls of identify
 Z - a scroll of brand weapon
Potions
 f - 4 potions of curing
 h - 4 potions of berserk rage
 i - 5 potions of brilliance
 j - 2 potions of magic
 w - 3 potions of lignification
 B - 3 potions of haste
 C - 4 potions of mutation
 D - 2 potions of might
 E - a potion of heal wounds
 J - 3 potions of flight
 O - a potion of invisibility
 W - a potion of cancellation
Miscellaneous
 c - a piece from Xom's chessboard (15/15) (quivered)
 Q - a condenser vane
 T - a phantom mirror


   Skills:
 + Level 11.1 Fighting
 + Level 10.2 Short Blades
 - Level 8.0 Armour
 + Level 11.7 Dodging
 + Level 9.8 Stealth
 - Level 7.0 Shields
 * Level 8.5 Spellcasting
 + Level 6.5 Evocations


You knew the following spells:

 Your Spells              Type           Power      Damage    Failure   Level
a - Freeze                Ice            100%       1d10      1%          1
b - Scorch                Fire           100%       2d10      1%          2
c - Call Canine Familiar  Summ           60%        N/A       1%          3
d - Sticky Flame          Conj/Fire      60%        2d8       1%          4
e - Agony                 Necr           60%        N/A       4%          5
f - Iskenderun's Battles  Conj           60%        2d11      4%          5
g - Summon Cactus Giant   Summ           30%        N/A       26%         6
Your spell library was empty.

Dungeon Overview and Level Annotations

Branches:
Dungeon (12/15)            Temple (0/1) D:5            Lair (5/5) D:8
  Swamp (0/4) Lair:3        Snake (0/4) Lair:2        Slime (0/5) Lair:4
    Orc (2/2) D:10            Elf (0/3) Orc:2         IceCv (visited)

Altars:
Elyvilon
Makhleb
Ru
Xom
Jiyva
Lugonu

Shops:
D:8 *   D:9 (   D:10 =   Orc:2 :*[((

Portals:
Abyss: Lair:5

Annotations:
D:10 2 transporters, iskra's ghost, journeyman DsBe
D:12 2 transporters, wamuu's ghost, journeyman HOFi
Orc:2 3 runed translucent doors, KleinerIrrer's ghost, journeyman DsIE


Innate Abilities, Weirdness & Mutations

You are immune to sickness and miasma.
You are immune to poison.
Your flesh is very heat resistant. (rF++)
You are vulnerable to cold. (rC-)
You float through the air rather than walking.
You learn spells naturally, not from books.
Your magical power is your life essence.
You have superior vitality. (+4 MHP)
You have sharp fingernails.
You possess an exceptional clarity of mind.
Your mind is very acute. (Int +8, Str/Dex -2)
Armour fits poorly on your strangely shaped body.
Your natural rate of healing is unusually fast.
You are resistant to electric shocks. (rElec)
Your muscles are strong. (Str +4, Int/Dex -1)
You have hidden genetic potential.
You occasionally lose the ability to drink potions when taking damage.
You passively dampen the noise of your surroundings.


Message History

The two-headed ogre attacks as you move away!
You block the two-headed ogre's attack.
The two-headed ogre hits you with a +0 giant club!
Casting: Call Canine Familiar (safe; 1% risk of failure)
Confirm with . or Enter, or press ? or * to list all spells.
The two-headed ogre hits your wolf with a +0 giant club!!
The two-headed ogre misses your wolf.
Unknown command.
Casting: Call Canine Familiar (safe; 1% risk of failure)
Confirm with . or Enter, or press ? or * to list all spells.
Flames lash the two-headed ogre.
The two-headed ogre is heavily wounded.
The two-headed ogre's fire resistance burns away. "Let's see if it's strong enough to survive yet."
You are now a plaything of Xom.
Your wolf barely misses the two-headed ogre.
The two-headed ogre hits your wolf with a +0 giant club.
Your wolf dies!
Your wolf's corpse disappears in a puff of smoke!
Casting: Scorch (safe; 1% risk of failure)
Confirm with . or Enter, or press ? or * to list all spells.
Flames lash the two-headed ogre.
The two-headed ogre is burned terribly!
The two-headed ogre is severely wounded.
The white imp gestures at you. The puff of frost misses you.
Casting: Scorch (safe; 1% risk of failure)
Confirm with . or Enter, or press ? or * to list all spells.
Flames lash the white imp.
The white imp is burned terribly!
You kill the white imp!
The white imp disappears in a puff of smoke!
Unknown command.
Casting: Scorch (safe; 1% risk of failure)
Confirm with . or Enter, or press ? or * to list all spells.
Flames lash the two-headed ogre.
The two-headed ogre is burned terribly!
The two-headed ogre is almost dead.
The two-headed ogre hits you with a +0 giant club!!
You feel threatened and lose the ability to drink potions!
* * * LOW HITPOINT WARNING * * *
The two-headed ogre hits you with a +0 giant club!!
You die...

#..8.....#
######............
#........#
#....#).....#####.
#........#
#...)'......#####.
#........#
##...#)###........
#........#
######............
#........#
#.....###+###'####
#........#
#.....#...........
#........#
#.....#...........
#........#
#@##..#...........
#........#
#O##..+...........
#........#
#.##..#...........
#........#
#.................
#........#
##......8...8.....
#........#
#................
#........#
#....#.##..#.....
#.<#####.#
#....#.....#.....
#..#####.#
##....#.....######


You could see a two-headed ogre (very poisoned, combustible).

Vanquished Creatures
  An orc warlord (Orc:2)
  Nessos (Orc:2)
  Snorg (Orc:1)
  An ice dragon (Lair:3)
  Harold (D:10)
  4 hydras
  A centaur warrior (D:11)
  2 two-headed ogres
  A catoblepas (Lair:1)
  3 boulder beetles
  An orc high priest (Orc:1)
  Urug (D:10)
  2 thrashing horrors (Lair:5)
  A skyshark (Lair:4)
  A deep elf pyromancer (D:11)
  4 orc knights
  An orc sorcerer (Orc:2)
  5 ugly things
  2 manticores
  A cyclops (D:12)
  9 elephants (Lair:4)
  4 black mambas
  6 cane toads
  2 gargoyles
  5 rime drakes
  8 komodo dragons
  A kobold demonologist (D:6)
  An ancient zyme (Lair:5)
  A polar bear (Lair:3)
  4 trolls
  2 hornets
  4 dream sheep (Lair:5)
  17 blink frogs
  A slime creature (D:12)
  2 spriggans
  2 shadows
  7 wyverns
  42 yaks
  3 ynoxinuls (Lair:5)
  5 basilisks (Lair:5)
  A wraith (D:11)
  A death yak simulacrum (IceCv)
  2 chaos spawn (Lair:5)
  Menkaure (D:6)
  3 wargs
  7 water moccasins
  Duvessa (D:6)
  A swamp worm (Lair:3)
  3 black bears
  30 orc warriors
  3 sky beasts
  4 ice beasts
  16 ogres
  13 wolves
  5 centaurs
  5 small abominations (Lair:5)
  2 phantoms
  2 lemures (D:5)
  A kobold brigand (D:6)
  3 gnoll sergeants
  2 necrophages
  10 bullfrogs
  3 scorpions
  10 wights
  Dowan (D:6)
  An elephant simulacrum (IceCv)
  6 killer bees (D:10)
  10 howler monkeys
  2 electric eels
  3 hounds
  7 jellies
  3 gnoll boudas (D:6)
  27 orc priests
  42 orc wizards
  2 iguanas
  4 hell rats (Lair:3)
  2 wolf simulacra (IceCv)
  8 adders
  16 gnolls
  3 white imps
  A worm (D:2)
  3 dart slugs
  98 orcs
  5 ball pythons
  6 bats
  6 endoplasms
  2 giant cockroaches
  7 goblins
  8 hobgoblins
  7 jackals
  2 quokkas
  3 frilled lizards
  8 kobolds
  3 rats (D:1)
586 creatures vanquished.

Vanquished Creatures (collateral kills)
  A two-headed ogre (D:10)
  A thrashing horror (Lair:5)
  2 orc high priests (Orc:2)
  3 orc sorcerers (Orc:2)
  2 orc knights (Orc:2)
  An elephant (Lair:4)
  A cane toad (Lair:4)
  A smoke demon (Lair:5)
  2 blink frogs (Lair:5)
  4 slime creatures (D:12)
  5 small abominations (Lair:5)
  3 yaks (Lair:3)
  A ynoxinul (Lair:5)
  Eustachio (D:6)
  A water moccasin (Lair:2)
  A sky beast (shapeshifter) (Lair:5)
  4 orc warriors (Orc:2)
  An ice beast (D:8)
  A centaur (D:10)
  2 kobold brigands
  A scorpion (D:6)
  2 killer bees (D:10)
  3 howler monkeys (D:6)
  4 hounds (D:6)
  A jelly (Lair:4)
  9 orc priests
  3 orc wizards
  A wolf simulacrum (IceCv)
  3 gnolls
  An adder (D:2)
  9 orcs
  A bat (D:2)
  A hobgoblin (D:2)
  4 kobolds (D:10)
  A ball python (D:1)
  A frilled lizard (D:2)
83 creatures vanquished.

Vanquished Creatures (others)
  Pikel (D:5)
  3 yaks
  An ice beast (D:5)
  2 killer bees (D:10)
  A hound (D:5)
  An orc (Orc:2)
  A hobgoblin (D:1)
  A giant cockroach zombie (D:1)
  21 fungi
  19 plants
51 creatures vanquished.

Grand Total: 720 creatures vanquished

Notes
Turn   | Place    | Note
-------+----------+-------------------------------------------
     0 | D:1      | Jannitor the Djinni Chaos Knight began the quest for the
                  | Orb.
     0 | D:1      | Reached XP level 1. HP: 20/20 MP: 0/0
    60 | D:1      | XOM: silly message
   107 | D:1      | Reached XP level 2. HP: 25/25 MP: 0/0
   229 | D:1      | XOM: god gift: fuming brown potion {god gift}
   370 | D:1      | Reached XP level 3. HP: 30/30 MP: 0/0
   370 | D:1      | Learned a level 1 spell: Freeze
   458 | D:1      | XOM: destruction
   621 | D:2      | XOM: summons friendly quasit
   627 | D:2      | Reached XP level 4. HP: 35/35 MP: 0/0
   829 | D:2      | Found a faded altar of an unknown god.
   871 | D:2      | Reached skill level 1 in Stealth
  1027 | D:3      | XOM: scenery: summon butterflies
  1083 | D:3      | Reached skill level 1 in Spellcasting
  1124 | D:3      | XOM: 1-stop teleportation journey
  1150 | D:3      | Reached XP level 5. HP: 33/40 MP: 0/0
  1150 | D:3      | Learned a level 2 spell: Scorch
  1154 | D:3      | XOM: scenery: create altars
  1162 | D:3      | XOM: scenery: create altars
  1197 | D:3      | XOM: give mutations
  1197 | D:3      | Gained mutation: Your muscles are strong. (Str +4, Int/Dex
                  | -1) [Xom's grace]
  1197 | D:3      | Gained mutation: You have hidden genetic potential. [Xom's
                  | grace]
  1321 | D:3      | XOM: scenery: create altars
  1454 | D:3      | XOM: snakes to sticks
  1592 | D:3      | XOM: 2-stop teleportation journey
  1616 | D:3      | XOM: god gift: scroll labelled BIKEGIPY ARUE {god gift}
  1689 | D:4      | Reached XP level 6. HP: 47/47 MP: 0/0
  1694 | D:4      | Gained mutation: You are robust. (+10% HP) [hidden
                  | potential]
  1769 | D:4      | Noticed an ogre
  1773 | D:4      | XOM: polymorph jackal -> hobgoblin
  1801 | D:4      | Killed an ogre
  1801 | D:4      | XOM: scenery: summon butterflies
  1936 | D:4      | XOM: confuse monster(s)
  2007 | D:4      | XOM: god gift: wand of paralysis (4)
  2456 | D:4      | XOM: cloud trail
  2546 | D:5      | Entered Level 5 of the Dungeon
  2550 | D:5      | XOM: divination: detect items
  2558 | D:4      | Reached XP level 7. HP: 42/57 MP: 0/0
  2558 | D:4      | Learned a level 3 spell: Call Canine Familiar
  2609 | D:4      | XOM: silly message
  2712 | D:4      | Gained mutation: You are agile. (Dex +4, Str/Int -1)
                  | [hidden potential]
  2712 | D:4      | Lost mutation: You have hidden genetic potential. [hidden
                  | potential expressed]
  2917 | D:5      | XOM: noise
  2924 | D:4      | XOM: enchant monster (bad)
  2988 | D:4      | XOM: give mutations
  2988 | D:4      | Gained mutation: Your movements are slightly less
                  | encumbered by armour. (ER -2) [Xom's grace]
  2988 | D:4      | Gained mutation: You possess an exceptional clarity of
                  | mind. [Xom's grace]
  3203 | D:5      | Found a staircase to the Ecumenical Temple.
  3335 | D:5      | XOM: enchant monster (good)
  3345 | D:5      | XOM: polymorph hound -> worm
  3569 | D:4      | XOM: god gift: scroll labelled TAHOOP HUCVU {god gift}
  3633 | D:4      | XOM: scenery: create altars
  3774 | D:5      | Reached XP level 8. HP: 39/63 MP: 0/0
  3775 | D:5      | XOM: fog
  3993 | D:5      | XOM: scenery: create altars
  4056 | D:5      | Found a shimmering altar of Xom.
  4330 | D:6      | XOM: enchant monster (good)
  4335 | D:6      | Reached skill level 5 in Fighting
  4351 | D:6      | XOM: scenery: summon butterflies
  4512 | D:4      | XOM: potion effect (curing)
  4532 | D:4      | Reached skill level 5 in Dodging
  4532 | D:4      | Reached XP level 9. HP: 21/71 MP: 0/0
  4532 | D:4      | Learned a level 4 spell: Sticky Flame
  4911 | D:6      | XOM: enchant monster (bad)
  4925 | D:6      | XOM: noise
  5148 | D:5      | Reached skill level 5 in Short Blades
  5460 | D:6      | XOM: polymorph hound -> boggart
  5601 | D:5      | XOM: stat loss: -1 Dex (15/16)
  5610 | D:5      | XOM: cleaving
  5738 | D:6      | XOM: summons 1 hostile shadow creature
  5803 | D:6      | XOM: stat loss: -1 Int (21/22)
  5807 | D:6      | Reached skill level 5 in Armour
  5843 | D:6      | XOM: give mutations
  5843 | D:6      | Gained mutation: You occasionally lose the ability to drink
                  | potions when taking damage. [Xom's mischief]
  5843 | D:6      | Lost mutation: Your muscles are strong. (Str +4, Int/Dex
                  | -1) [Xom's mischief]
  5843 | D:6      | Lost mutation: You possess an exceptional clarity of mind.
                  | [Xom's mischief]
  5843 | D:6      | Gained mutation: Your body sometimes deteriorates upon
                  | taking damage. [Xom's mischief]
  6079 | D:6      | Noticed a kobold demonologist
  6087 | D:6      | Killed a kobold demonologist
  6088 | D:6      | Reached XP level 10. HP: 70/79 MP: 0/0
  6113 | D:6      | Noticed Duvessa
  6116 | D:6      | Noticed Dowan
  6123 | D:6      | Killed Duvessa
  6241 | D:6      | Noticed Pikel
  6407 | D:5      | Killed Pikel
  6407 | D:5      | XOM: divine lightning
  6679 | D:6      | Noticed Eustachio
  6685 | D:6      | Killed Eustachio
  6725 | D:6      | XOM: summons 10 friendly demons
  6731 | D:6      | Reached skill level 5 in Stealth
  6912 | D:6      | Noticed Menkaure
  7035 | D:6      | XOM: noise
  7060 | D:6      | Killed Menkaure
  7289 | D:6      | Killed Dowan
  7352 | D:6      | XOM: god gift: runed scimitar {god gift}
  7486 | D:6      | XOM: silly message
  7873 | D:7      | XOM: confusion
  7877 | D:7      | XOM: enchant monster (bad)
  7938 | D:7      | XOM: 2-stop teleportation journey
  8013 | D:7      | XOM: blink monster(s)
  8018 | D:7      | XOM: 1-stop teleportation journey
  8088 | D:7      | XOM: noise
  8096 | D:7      | Reached XP level 11. HP: 85/85 MP: 0/0
  8096 | D:7      | Learned a level 5 spell: Agony
  8099 | D:7      | XOM: noise
  8329 | D:7      | XOM: enchant monster (bad)
  8332 | D:7      | XOM: confusion (+ monsters)
  8336 | D:7      | XOM: torment (28/86 hp)
  8346 | D:7      | XOM: noise
  8534 | D:6      | XOM: polymorph hound -> iguana
  8666 | D:6      | Upgraded the game from 0.30-a0-782-ge64f9170bb to
                  | 0.30-a0-845-g7c6808c8ce
  8789 | D:7      | XOM: cloud trail
  8798 | D:7      | XOM: fog
  9001 | D:8      | Reached skill level 5 in Spellcasting
  9227 | D:8      | XOM: god gift: 8 stones
  9246 | D:8      | XOM: noise
  9258 | D:8      | Identified a scroll of acquirement
  9264 | D:8      | Acquired 1168 gold pieces
  9316 | D:8      | Found a burning altar of Makhleb.
  9341 | D:8      | XOM: confuse monster(s)
  9430 | D:8      | Found a staircase to the Lair.
  9688 | D:8      | XOM: scenery: summon butterflies
  9863 | D:8      | XOM: god gift: 688 gold pieces
  9906 | D:8      | Found Liwavy's Assorted Antiques.
  9950 | D:8      | Bought a runed buckler for 210 gold pieces
  9950 | D:8      | Bought a slimy ring mail for 252 gold pieces
  9950 | D:8      | Identified the +1 ring mail of Daffa {Str+2} (You bought it
                  | in a shop on level 8 of the Dungeon)
  9950 | D:8      | Bought a scroll labelled RYRCHUN PE PIAKH for 28 gold
                  | pieces
 10193 | D:9      | Found Tigyh's Weapon Boutique.
 10226 | D:9      | XOM: divination: detect creatures
 10233 | D:9      | XOM: silly message
 10317 | D:9      | XOM: potion effect (berserk rage)
 10321 | D:9      | XOM: silly message
 10393 | D:9      | Noticed a two-headed ogre
 10463 | D:9      | XOM: 5-stop teleportation journey
 10762 | D:9      | Found a sacrificial altar of Ru.
 10763 | D:9      | Found a white marble altar of Elyvilon.
 10787 | D:9      | Reached skill level 1 in Shields
 10788 | D:9      | XOM: smoke on damage
 10790 | D:9      | XOM: cast spell 'Leda's Liquefaction'
 10792 | D:9      | Killed a two-headed ogre
 10874 | D:9      | XOM: enchant monster (bad)
 10882 | D:9      | XOM: confuse monster(s)
 11043 | D:9      | XOM: 1-stop teleportation journey
 11090 | D:9      | XOM: give mutations
 11090 | D:9      | Gained mutation: You passively dampen the noise of your
                  | surroundings. [Xom's grace]
 11090 | D:9      | Gained mutation: You possess an exceptional clarity of
                  | mind. [Xom's grace]
 11090 | D:9      | Gained mutation: You are partially covered in iridescent
                  | scales. (AC +2) [Xom's grace]
 11090 | D:9      | Gained mutation: You have a beak for a mouth. [Xom's grace]
 11252 | D:9      | XOM: cloud trail
 11372 | D:10     | Entered Level 10 of the Dungeon
 11489 | D:10     | Upgraded the game from 0.30-a0-845-g7c6808c8ce to
                  | 0.30-a0-857-gcaf70739d4
 11503 | D:10     | Upgraded the game from 0.30-a0-857-gcaf70739d4 to
                  | 0.30-a0-859-gf88a04b62d
 11506 | D:10     | Noticed a two-headed ogre
 11506 | D:10     | Noticed iskra's ghost (journeyman DsBe)
 11508 | D:10     | Found a transporter.
 11508 | D:10     | Found a transporter.
 11508 | D:10     | Noticed a two-headed ogre
 11572 | D:10     | XOM: potion effect (heal wounds)
 11588 | D:10     | Noticed an orc knight
 11791 | D:10     | XOM: divination: detect items
 12024 | D:10     | Noticed an orc knight
 12025 | D:10     | Found a staircase to the Orcish Mines.
 12125 | D:9      | XOM: noise
 12203 | D:10     | XOM: god gift: 17 gold pieces
 12211 | D:10     | Identified the +6 dire flail "Rocvengior" {antimagic, *Rage
                  | rF+ rC+}
 12211 | D:10     | Noticed a two-headed ogre
 12211 | D:10     | Noticed a two-headed ogre
 12285 | D:10     | Found Ninalat's Jewellery Emporium.
 12288 | D:10     | Noticed a two-headed ogre
 12295 | D:10     | Killed a two-headed ogre
 12296 | D:10     | Reached XP level 12. HP: 94/94 MP: 0/0
 12366 | D:10     | XOM: noise
 12460 | D:10     | XOM: polymorph hound -> worm
 12671 | D:11     | Noticed a two-headed ogre
 12677 | D:11     | Killed a two-headed ogre
 12701 | D:11     | XOM: chaos cloud
 12708 | D:11     | XOM: silly message
 12923 | D:11     | XOM: summons 2 hostile shadow creatures
 13262 | D:11     | Noticed a centaur warrior
 13271 | D:11     | Killed a centaur warrior
 13292 | D:11     | XOM: stat loss: -1 Dex (16/17)
 13422 | D:11     | XOM: 1-stop teleportation journey
 13424 | D:11     | Noticed a tengu warrior
 13430 | D:10     | XOM: cast spell 'Discord'
 13432 | D:10     | XOM: summons friendly iron imp
 13621 | Orc:1    | Entered Level 1 of the Orcish Mines
 13622 | Orc:1    | Noticed a +4 double sword
 13676 | D:10     | XOM: give mutations
 13676 | D:10     | Gained mutation: You are weak. (Str -2) [Xom's mischief]
 13676 | D:10     | Lost mutation: Your movements are slightly less encumbered
                  | by armour. (ER -2) [Xom's mischief]
 13676 | D:10     | Gained mutation: You are very weak. (Str -4) [Xom's
                  | mischief]
 13710 | Orc:1    | Noticed Urug
 13862 | D:10     | XOM: enchant monster (good)
 13868 | D:10     | Your ally Urug died
 13965 | D:10     | XOM: divination: detect items
 14143 | Orc:1    | Noticed Harold
 14262 | Orc:1    | XOM: summons 2 friendly demons
 14271 | D:10     | XOM: smoke on damage
 14272 | D:10     | Killed Harold
 14489 | Orc:1    | Noticed an orc high priest
 14491 | Orc:1    | XOM: divination: detect creatures
 14492 | Orc:1    | XOM: summons 9 friendly demons
 14538 | D:10     | XOM: give mutations
 14538 | D:10     | Lost mutation: You are agile. (Dex +4, Str/Int -1) [Xom's
                  | mischief]
 14538 | D:10     | Lost mutation: You have a beak for a mouth. [Xom's
                  | mischief]
 14538 | D:10     | Lost mutation: Your body sometimes deteriorates upon taking
                  | damage. [Xom's mischief]
 14538 | D:10     | Lost mutation: You are very weak. (Str -4) [Xom's mischief]
 14674 | Orc:1    | Killed an orc high priest
 14788 | Orc:1    | Noticed Snorg
 14796 | Orc:1    | XOM: summons 2 friendly demons
 14800 | Orc:1    | Killed Snorg
 15051 | Orc:2    | Entered Level 2 of the Orcish Mines
 15074 | Orc:1    | XOM: blink monster(s)
 15164 | Orc:2    | XOM: enchant monster (good)
 15275 | Orc:2    | Found a runed translucent gate.
 15276 | Orc:2    | Found a runed translucent gate.
 15276 | Orc:2    | Identified the +8 plate armour of Forking Paths {rCorr}
 15277 | Orc:2    | Found a runed translucent gate.
 15278 | Orc:2    | Noticed KleinerIrrer's ghost (journeyman DsIE)
 15307 | Orc:2    | Found a staircase to the Elven Halls.
 15314 | Orc:2    | Found Ito Ucaff's Antique Weapon Shoppe.
 15374 | Orc:2    | Noticed Nessos
 15386 | Orc:2    | Killed Nessos
 15387 | Orc:2    | Reached XP level 13. HP: 53/103 MP: 0/0
 15387 | Orc:2    | Learned a level 5 spell: Iskenderun's Battlesphere
 15547 | Orc:1    | XOM: summons friendly quasit
 15574 | Orc:2    | XOM: confuse monster(s)
 15612 | Orc:2    | XOM: enchant monster (bad)
 15624 | Orc:2    | XOM: summons 4 friendly demons
 15659 | Orc:1    | XOM: fake destruction
 15673 | Orc:1    | XOM: summons friendly smoke demon
 15683 | Orc:1    | Reached skill level 1 in Evocations
 15902 | Orc:2    | Found Lomaad's Antique Armour Emporium.
 15902 | Orc:2    | Found Bupi's Antique Weapon Shoppe.
 15902 | Orc:2    | Noticed an orc warlord
 15902 | Orc:2    | XOM: 7-stop teleportation journey
 15908 | Orc:2    | XOM: enchant monster (good)
 16204 | Orc:2    | XOM: summons friendly ufetubus
 16209 | Orc:2    | XOM: scenery: summon butterflies
 16262 | Orc:2    | Reached skill level 5 in Shields
 16290 | Orc:2    | XOM: silly message
 16297 | Orc:2    | Killed an orc warlord
 16328 | Orc:2    | XOM: cloud trail
 16376 | Orc:2    | Found Hikhostruino's General Store.
 16376 | Orc:2    | Found Wuqakh's Book Emporium.
 16383 | Orc:2    | Bought a scroll of vulnerability for 52 gold pieces
 16383 | Orc:2    | Bought a scroll of fear for 52 gold pieces
 16393 | Orc:2    | Bought a runed cloak for 225 gold pieces
 16405 | Orc:2    | Bought an ebony short sword for 200 gold pieces
 16405 | Orc:2    | Identified the +4 short sword "Tetexkic" {flame, rElec
                  | Str+8 Stlth-} (You bought it in a shop on level 2 of the
                  | Orcish Mines)
 16450 | Orc:2    | XOM: 1-stop teleportation journey
 16694 | D:10     | XOM: god gift: 39 gold pieces
 16788 | Lair:1   | Entered Level 1 of the Lair of Beasts
 16952 | Lair:1   | XOM: cleaving
 16959 | Lair:1   | Reached skill level 10 in Dodging
 17101 | Lair:1   | XOM: fog
 17143 | Lair:1   | Noticed a catoblepas
 17150 | Lair:1   | XOM: butterfly on damage
 17151 | Lair:1   | XOM: divination: detect creatures
 17158 | Lair:1   | Killed a catoblepas
 17554 | Lair:1   | XOM: polymorph cane toad -> spriggan
 17577 | Lair:1   | XOM: god gift: 40 gold pieces
 17587 | Lair:1   | XOM: cloud trail
 17615 | Lair:1   | XOM: noise
 17622 | Lair:1   | XOM: cast spell 'Cause Fear'
 17624 | Lair:1   | XOM: 1-stop teleportation journey
 17640 | Lair:1   | XOM: noise
 17645 | Lair:1   | XOM: draining
 17800 | Lair:1   | XOM: confuse monster(s)
 18190 | Lair:2   | XOM: noise
 18288 | Lair:2   | XOM: polymorph yak -> black mamba
 18315 | Lair:2   | XOM: cleaving
 18333 | Lair:2   | Reached XP level 14. HP: 101/112 MP: 0/0
 18520 | Lair:2   | XOM: summons 1 hostile demon
 18600 | Lair:2   | XOM: give mutations
 18600 | Lair:2   | Gained mutation: You are resistant to electric shocks.
                  | (rElec) [Xom's grace]
 18600 | Lair:2   | Gained mutation: Your mind is acute. (Int +4, Str/Dex -1)
                  | [Xom's grace]
 18600 | Lair:2   | Gained mutation: You expend health (3 HP) to strengthen
                  | your wands. [Xom's grace]
 18600 | Lair:2   | Gained mutation: You have hidden genetic potential. [Xom's
                  | grace]
 18638 | Lair:2   | XOM: enchant monster (good)
 18751 | Lair:2   | Found a staircase to the Snake Pit.
 19006 | Lair:2   | XOM: chaos upgrade
 19143 | Lair:3   | XOM: blink monster(s)
 19179 | Lair:3   | XOM: repel stairs
 19181 | Lair:3   | Reached skill level 10 in Fighting
 19247 | Lair:3   | Found a frozen archway.
 19268 | Lair:3   | XOM: enchant monster (bad)
 19288 | Lair:3   | XOM: destruction
 19289 | Lair:3   | XOM: 2-stop teleportation journey
 19329 | Lair:3   | XOM: divine lightning
 19467 | Lair:3   | XOM: give mutations
 19467 | Lair:3   | Gained mutation: Your mind is very acute. (Int +8, Str/Dex
                  | -2) [Xom's grace]
 19467 | Lair:3   | Gained mutation: Your spells are a little harder to cast,
                  | but a little more powerful. [Xom's grace]
 19555 | IceCv    | Entered an ice cave
 19707 | IceCv    | Found a transporter.
 19736 | IceCv    | Found a transporter.
 19839 | Lair:3   | XOM: fog
 20230 | Lair:3   | XOM: summons friendly crimson imp
 20486 | Lair:3   | XOM: swap monsters
 20546 | Lair:3   | Found a staircase to the Swamp.
 20667 | Lair:3   | XOM: scenery: create altars
 20847 | Lair:3   | XOM: god gift: dagger {god gift}
 21174 | Lair:3   | XOM: confuse monster(s)
 21225 | Lair:3   | XOM: cloud trail
 21248 | Lair:3   | XOM: destruction
 21258 | Lair:3   | XOM: snakes to sticks
 21262 | Lair:3   | XOM: fake destruction
 21267 | Lair:3   | Reached skill level 5 in Evocations
 21471 | Lair:3   | XOM: give mutations
 21471 | Lair:3   | Gained mutation: Your natural rate of healing is unusually
                  | fast. [Xom's grace]
 21471 | Lair:3   | Gained mutation: Your spells are harder to cast, but more
                  | powerful. [Xom's grace]
 21532 | Lair:4   | Found a staircase to the Slime Pits.
 21533 | Lair:4   | Found a viscous altar of Jiyva.
 21552 | Lair:4   | XOM: enchant monster (good)
 21563 | Lair:4   | XOM: summons friendly white imp
 21565 | Lair:4   | XOM: divine lightning
 21571 | Lair:4   | XOM: swap monsters
 21579 | Lair:4   | XOM: swap monsters
 21583 | Lair:4   | XOM: enchant monster (bad)
 21595 | Lair:4   | XOM: 2-stop teleportation journey
 21664 | Lair:4   | XOM: 1-stop teleportation journey
 21669 | Lair:4   | XOM: 1-stop teleportation journey
 21788 | Lair:4   | XOM: summons 1 hostile demon
 21922 | Lair:4   | XOM: summons 8 hostile demons
 22164 | Lair:4   | XOM: summons 3 hostile shadow creatures
 22473 | Lair:5   | Entered Level 5 of the Lair of Beasts
 22595 | Lair:5   | XOM: smoke on damage
 22811 | Lair:5   | XOM: snakes to sticks
 22821 | Lair:5   | Reached XP level 15. HP: 106/119 MP: 0/0
 22821 | Lair:5   | Learned a level 6 spell: Summon Cactus Giant
 22836 | Lair:5   | XOM: give mutation
 22836 | Lair:5   | Lost mutation: You are robust. (+10% HP) [Xom's mischief]
 22894 | Lair:5   | XOM: blink monster(s)
 22949 | Lair:5   | XOM: give mutations
 22949 | Lair:5   | Lost mutation: Your spells are harder to cast, but more
                  | powerful. [Xom's mischief]
 22949 | Lair:5   | Lost mutation: You are partially covered in iridescent
                  | scales. (AC +2) [Xom's mischief]
 23003 | Lair:5   | Lost mutation: You are weak. (Str -2) [hidden potential]
 23098 | Lair:5   | XOM: fog
 23328 | Lair:5   | XOM: scenery: create altars
 23329 | Lair:5   | XOM: summons friendly shadow imp
 23344 | Lair:5   | XOM: polymorph warg -> queen bee
 23373 | Lair:5   | XOM: summons 7 friendly demons
 23386 | Lair:5   | Reached skill level 10 in Short Blades
 23388 | Lair:5   | Found a corrupted altar of Lugonu.
 23388 | Lair:5   | Found a one-way gate to the infinite horrors of the Abyss.
 23627 | Lair:5   | XOM: cloud trail
 23941 | Lair:5   | XOM: cloud trail
 24196 | D:11     | XOM: destruction
 24328 | D:11     | XOM: give mutations
 24328 | D:11     | Gained mutation: You have sharp fingernails. [Xom's grace]
 24328 | D:11     | Gained mutation: Your muscles are strong. (Str +4, Int/Dex
                  | -1) [Xom's grace]
 24386 | D:11     | XOM: fog
 24428 | D:11     | XOM: give mutation
 24428 | D:11     | Gained mutation: Your muscles are very strong. (Str +8,
                  | Int/Dex -2) [Xom's grace]
 24456 | D:11     | XOM: polymorph cyan ugly thing -> red ugly thing
 24458 | D:11     | XOM: polymorph red ugly thing -> cyan ugly thing
 24461 | D:11     | XOM: swap monsters
 24815 | D:12     | XOM: stat loss: -1 Int (30/31)
 24925 | D:12     | XOM is BORED!
 24925 | D:12     | XOM: polymorph warg -> boggart
 25050 | D:12     | XOM: noise
 25154 | D:12     | Found a transporter.
 25161 | D:12     | Found a transporter.
 25169 | D:12     | Noticed wamuu's ghost (journeyman HOFi)
 25240 | D:12     | XOM: chaos upgrade
 25255 | D:12     | XOM: give mutations
 25255 | D:12     | Lost mutation: Your muscles are very strong. (Str +8,
                  | Int/Dex -2) [Xom's mischief]
 25255 | D:12     | Lost mutation: You expend health (3 HP) to strengthen your
                  | wands. [Xom's mischief]
 25255 | D:12     | Lost mutation: Your spells are a little harder to cast, but
                  | a little more powerful. [Xom's mischief]
 25255 | D:12     | Gained mutation: Armour fits poorly on your strangely
                  | shaped body. [Xom's mischief]
 25396 | D:12     | XOM: stat loss: -1 Int (31/32)
 25422 | D:12     | XOM: summons 1 hostile demon
 25425 | D:12     | Slain by a two-headed ogre

Illustrated notes

Levels and vault maps discovered:
D:1:      scummos_arrival_simple_fountains, layout_rooms,
          hangedman_abyss_or_decor_stabs, st_stairs_2
D:2:      layout_rooms, shapermc_ecumenical_altar_pompeii
D:3:      layout_basic
D:4:      layout_loops_cross, grunt_ministairs_5
D:5:      layout_rooms, mainiacjoe_overflow_alcove_1, temple_statues,
          chequers_serial_rivers_small_a
D:6:      lemuel_castle_with_subvaults [lemuel_castle_interior_carwin_1],
          layout_rooms, mainiacjoe_overflow_concentric_impassable,
          chequers_avenue, uniq_duvessa, uniq_pikel, uniq_menkaure,
          uniq_eustachio
D:7:      layout_cave_pools
D:8:      layout_loops_ring, kennysheep_mini_moat, hellmonk_lair_entry_icy,
          serial_shops, shop_coins
D:9:      layout_basic, mainiacjoe_overflow_big_doors, serial_shops,
          nicolae_shop_window_shopping
D:10:     layout_loops_ring, david_orc_5, serial_shops,
          nicolae_shop_advertising_works [nicolae_subvault_shop_adworks],
          gammafunk_ghost_smash
D:11:     minmay_inside_and_out, layout_loops_ring, special_room
          [special_room_orc]
D:12:     layout_stronghold, serial_column_ruins, column_ruins_columns_straight,
          column_ruins_columns_straight, column_ruins_columns_straight,
          column_ruins_columns_straight, column_ruins_grid_1,
          column_ruins_grid_1, column_ruins_columns_plus,
          gammafunk_ghost_berserking_beasts
Lair:1:   layout_cellular_growth, minivault_27, grunt_megastairs_1
Lair:2:   layout_chaotic_city, dummy_snake_entry,
          grunt_forest_large_clearing_hut, infiniplex_staircase_pool
Lair:3:   layout_gridlike, palyth_hydra_swamp_entry,
          portal_ice_cave_entry_animals_and_master
Lair:4:   layout_concentric_octagons, nicolae_slime_entry_slimehenge,
          serial_bayou_shore_a
Lair:5:   hellmonk_lair_end_abyssal_woods, layout_long_grid
Orc:1:    layout_diamond_mine, basic_altar, sword_in_stone, uniq_harold,
          uniq_snorg
Orc:2:    st_orc_congregation, layout_diamond_mine, serial_shops,
          nicolae_shop_trees, basic_altar, biasface_ghost_orc_armoury,
          uniq_nessos

Skill      XL: |  1  2  3  4  5  6  7  8  9 10 11 12 13 14 15 |
---------------+----------------------------------------------+-----
Short Blades   | 3 4 5 6 7 8 9 10 | 10.2
Stealth        | 1 2 3 4 5 6 7 8 9 |  9.8
Spellcasting   | 1 2 3 4 5 6 7 8 |  8.5
Armour         | 2 3 4 5 6 7 8 |  8.0
Dodging        | 3 4 5 6 7 8 9 10 11 | 11.7
Fighting       | 4 5 6 7 8 9 10 11 | 11.1
Shields        | 2 4 5 7 |  7.0
Evocations     | 3 5 6 |  6.5

Action                     |  1- 3 |  4- 6 |  7- 9 | 10-12 | 13-15 || total
---------------------------+-------+-------+-------+-------+-------++-------
  Melee: Short sword       |    70 |       |       |       |       ||    70
         Dagger            |    18 |   187 |    99 |     4 |       ||   308
         Punch             |     1 |       |     2 |     1 |       ||     4
         Rapier            |       |       |       |   610 |  1219 ||  1829
         Peck              |       |       |       |    81 |       ||    81
   Cast: Scorch            |       |     3 |   123 |   165 |   190 ||   481
         Call Canine Famil |       |       |    22 |    15 |    21 ||    58
         Freeze            |       |       |     3 |       |       ||     3
         Sticky Flame      |       |       |     6 |    26 |    88 ||   120
         Iskenderun's Batt |       |       |       |       |     2 ||     2
  Evoke: Piece from Xom's  |       |     1 |       |       |       ||     1
         Wand              |       |     2 |     3 |     4 |     3 ||    12
         Phantom mirror    |       |       |       |     1 |       ||     1
         Condenser vane    |       |       |       |     1 |       ||     1
    Use: Scroll            |       |     8 |     3 |    12 |    12 ||    35
         Potion            |       |       |     3 |     3 |     3 ||     9
   Stab: Distracted        |       |     1 |       |     4 |     2 ||     7
         Sleeping          |       |     2 |     1 |     9 |    21 ||    33
         Confused          |       |     1 |       |     4 |     1 ||     6
         Paralysed         |       |       |     1 |       |       ||     1
         Petrified         |       |       |       |     4 |     4 ||     8
         Invisible         |       |       |       |       |     4 ||     4
         Petrifying        |       |       |       |       |     2 ||     2
         Betrayed ally     |       |       |       |       |     1 ||     1
 Armour: Leather armour    |    30 |    44 |    51 |    11 |   177 ||   313
         Ring mail         |       |       |       |    32 |    30 ||    62
         Robe              |       |       |       |    81 |       ||    81
         Troll leather arm |       |       |       |    21 |   143 ||   164
  Dodge: Dodged            |    45 |   100 |   133 |   451 |   719 ||  1448
  Block: Other             |    11 |    33 |    52 |    44 |       ||   140
         Reflection        |       |     2 |       |    17 |    12 ||    31
         Buckler           |       |       |       |   296 |   785 ||  1081

Table legend: (Time is in decaauts)
 A = Elapsed time spent in this place.
 B = Non-inter-level travel time spent in this place.
 C = Inter-level travel time spent in this place.
 D = Time resting spent in this place.
 E = Time spent auto-exploring this place.
 F = Levels seen in this place.
 G = Mean time per level.
                   A        B        C        D        E       F      G
               +--------+--------+--------+--------+--------+-----+--------+
         Total |  25070 |  24061 |   1009 |   5841 |  12617 |  20 | 1253.5 |
       Dungeon |  15623 |  14955 |    668 |   4039 |   7860 |  12 | 1301.9 |
          Lair |   6931 |   6720 |    211 |   1325 |   3755 |   5 | 1386.2 |
  Orcish Mines |   2313 |   2183 |    130 |    341 |   1002 |   2 | 1156.5 |
      Ice Cave |    201 |    201 |      0 |    136 |      0 |   1 |  201.0 |
               +--------+--------+--------+--------+--------+-----+--------+

Top non-repeatable levels by time:
     D:6: 2375 daAuts
  Lair:3: 2243 daAuts
    D:10: 1963 daAuts
     D:5: 1924 daAuts
     D:4: 1866 daAuts
  Lair:5: 1527 daAuts
     D:9: 1474 daAuts
  Lair:1: 1404 daAuts
    D:11: 1263 daAuts
     D:7: 1239 daAuts
   Orc:2: 1189 daAuts
   Orc:1: 1124 daAuts
     D:8: 1090 daAuts
  Lair:2: 912 daAuts
  Lair:4: 844 daAuts
